TOP OF THE 1ST |
Atlanta Braves batting - Pitching for Kansas City Royals : LHP Chris Sale
|
Pitching: LHP Chris Sale
|
|
Batting: LHB Mallex Smith
|
0-0: Swinging Strike 0-1: DOUBLE (Line Drive, 5D, EV 101.3 MPH)
|
Batting: RHB Adeiny Hechavarria
|
0-0: Called Strike 0-1: Ball 1-1: Ball 2-1: Foul Ball, location: 2F 2-2: Ball 3-2: Base on Balls
|
Batting: RHB Ian Desmond
|
0-0: Ball 1-0: Swinging Strike 1-1: Called Strike Mallex Smith steals 3rd base 1-2: Ball 2-2: Strikes out swinging
|
Batting: LHB Kole Calhoun
|
0-0: Called Strike 0-1: Foul Ball, location: 2F 0-2: Ball 1-2: SINGLE (Groundball, 3L, EV 98.8 MPH) Mallex Smith scores Adeiny Hechavarria to second Runner from 2nd tries for 3rd, OUT! 9-5
|
Batting: RHB Pat Valaika
|
0-0: Ball 1-0: Foul Ball, location: 2F 1-1: Fly out, F2 (Popup, 25F, EV 76.9 MPH)
|
Top of the 1st over - 1 run, 2 hits, 0 errors, 1 left on base; Atlanta 1 - Kansas City 0 |
BOTTOM OF THE 1ST |
Kansas City Royals batting - Pitching for Atlanta Braves : LHP Brent Suter
|
Pitching: LHP Brent Suter
|
|
Batting: LHB Jesse Winker
|
0-0: Ball 1-0: Swinging Strike 1-1: Ball 2-1: Foul Ball, location: 2F 2-2: Strikes out swinging
|
Batting: RHB Dansby Swanson
|
0-0: Called Strike 0-1: Swinging Strike 0-2: Ball 1-2: Strikes out swinging
|
Batting: RHB Nolan Arenado
|
0-0: Ball 1-0: Ball 2-0: Foul Ball, location: 2F 2-1: Foul Ball, location: 2F 2-2: Foul Ball, location: 2F 2-2: Foul Ball, location: 2F 2-2: Ball 3-2: Fly out, F9 (Flyball, 89D, EV 82.5 MPH)
|
Bottom of the 1st over - 0 runs, 0 hits, 0 errors, 0 left on base; Atlanta 1 - Kansas City 0 |
TOP OF THE 2ND |
Atlanta Braves batting - Pitching for Kansas City Royals : LHP Chris Sale
|
Batting: LHB Lucas Duda
|
0-0: Ball 1-0: Foul Ball, location: 2F 1-1: Ball 2-1: Called Strike 2-2: Strikes out swinging
|
Batting: SHB Robbie Grossman
|
0-0: Swinging Strike 0-1: Ball 1-1: Foul Ball, location: 2F 1-2: Ball 2-2: Foul Ball, location: 2F 2-2: SOLO HOME RUN (Flyball, 7D, EV 109.4 MPH), Distance : 390 ft
|
Batting: RHB Jorge Alfaro
|
0-0: Ball 1-0: Swinging Strike 1-1: Ball 2-1: Swinging Strike 2-2: Strikes out swinging
|
Batting: SHB Juniel Querecuto
|
0-0: Swinging Strike 0-1: Swinging Strike 0-2: Strikes out swinging
|
Top of the 2nd over - 1 run, 1 hit, 0 errors, 0 left on base; Atlanta 2 - Kansas City 0 |
BOTTOM OF THE 2ND |
Kansas City Royals batting - Pitching for Atlanta Braves : LHP Brent Suter
|
Batting: RHB Bryce Brentz
|
0-0: Foul Ball, location: 2F 0-1: Foul Ball, location: 2F 0-2: SOLO HOME RUN (Flyball, 7LD, EV 106.3 MPH), Distance : 346 ft
|
Batting: RHB Tyler Flowers
|
0-0: Called Strike 0-1: Ball 1-1: Ball 2-1: SINGLE (Groundball, 34D, EV 103.1 MPH)
|
Batting: SHB Jurickson Profar
|
0-0: Ball 1-0: Fly out, F8 (Flyball, 8LM, EV 91.9 MPH)
|
Batting: LHB Ronald Guzman
|
0-0: Called Strike 0-1: Ball 1-1: Swinging Strike 1-2: Ground out 4-3 (Groundball, 4MS, EV 68.8 MPH) Tyler Flowers to second
|
Batting: LHB Odubel Herrera
|
0-0: Called Strike 0-1: Fly out, F6 (Popup, 6M, EV 62.5 MPH)
|
Bottom of the 2nd over - 1 run, 2 hits, 0 errors, 1 left on base; Atlanta 2 - Kansas City 1 |
TOP OF THE 3RD |
Atlanta Braves batting - Pitching for Kansas City Royals : LHP Chris Sale
|
Batting: LHB Mallex Smith
|
0-0: Fly out, F7 (Line Drive, 7, EV 96.9 MPH)
|
Batting: RHB Adeiny Hechavarria
|
0-0: Fly out, F8 (Flyball, 89D, EV 101.9 MPH)
|
Batting: RHB Ian Desmond
|
0-0: Called Strike 0-1: Called Strike 0-2: Ball 1-2: Strikes out looking
|
Top of the 3rd over - 0 runs, 0 hits, 0 errors, 0 left on base; Atlanta 2 - Kansas City 1 |
BOTTOM OF THE 3RD |
Kansas City Royals batting - Pitching for Atlanta Braves : LHP Brent Suter
|
Batting: SHB Niko Goodrum
|
0-0: Foul Ball, location: 2F 0-1: Called Strike 0-2: Foul Ball, location: 2F 0-2: SINGLE (Line Drive, 89S, EV 104.4 MPH)
|
Batting: LHB Jesse Winker
|
0-0: Ball 1-0: DOUBLE (Line Drive, 9LM, EV 105.0 MPH) Niko Goodrum to third
|
Batting: RHB Dansby Swanson
|
0-0: Ball 1-0: Called Strike 1-1: Ball 2-1: Foul Ball, location: 2F 2-2: Ground out 4-3 (Groundball, 4M, EV 83.1 MPH) Niko Goodrum scores Jesse Winker to third
|
Batting: RHB Nolan Arenado
|
0-0: Called Strike 0-1: Ball 1-1: Swinging Strike 1-2: Ball 2-2: Foul Ball, location: 2F 2-2: Ball 3-2: Foul Ball, location: 2F 3-2: Foul Ball, location: 2F 3-2: Foul Ball, location: 2F 3-2: Foul Ball, location: 2F 3-2: SINGLE (Line Drive, 8RS, EV 95.0 MPH) Jesse Winker scores
|
Batting: RHB Bryce Brentz
|
0-0: Called Strike 0-1: Called Strike 0-2: Ball 1-2: Ball 2-2: Ball 3-2: Base on Balls Nolan Arenado to second
|
Batting: RHB Tyler Flowers
|
0-0: Ball 1-0: Ball 2-0: Ball 3-0: Base on Balls Nolan Arenado to third Bryce Brentz to second
|
Batting: SHB Jurickson Profar
|
0-0: Ball 1-0: Called Strike 1-1: Foul Ball, location: 2F 1-2: Foul Ball, location: 2F 1-2: Ball 2-2: SINGLE (Groundball, 6MD, EV 101.9 MPH) Nolan Arenado scores Bryce Brentz to third Tyler Flowers to second
|
Batting: LHB Ronald Guzman
|
0-0: Foul Ball, location: 2F 0-1: Ball Wild Pitch! Bryce Brentz scores Tyler Flowers to third Jurickson Profar to second 1-1: Ball 2-1: Swinging Strike 2-2: Foul Ball, location: 2F 2-2: Ball 3-2: Foul Ball, location: 2F 3-2: Base on Balls
|
Pitching: RHP Frankie Montas
|
|
Batting: LHB Odubel Herrera
|
0-0: Fielders Choice at 2nd, 5-4 (Groundball, 56, EV 85.6 MPH) Tyler Flowers scores Jurickson Profar to third
|
Batting: SHB Niko Goodrum
|
0-0: Fly out, F8 (Flyball, 8RS, EV 93.1 MPH)
|
Bottom of the 3rd over - 5 runs, 4 hits, 0 errors, 2 left on base; Atlanta 2 - Kansas City 6 |
TOP OF THE 4TH |
Atlanta Braves batting - Pitching for Kansas City Royals : LHP Chris Sale
|
Batting: LHB Kole Calhoun
|
0-0: Ball 1-0: SINGLE (Groundball, 5L, EV 108.8 MPH)
|
Batting: RHB Pat Valaika
|
0-0: Ball 1-0: DOUBLE (Line Drive, 8LXD, EV 100.6 MPH) Kole Calhoun to third
|
Batting: LHB Lucas Duda
|
0-0: Called Strike 0-1: Foul Ball, location: 2F 0-2: Foul Ball, location: 2F 0-2: Strikes out looking
|
Batting: SHB Robbie Grossman
|
0-0: Called Strike 0-1: Foul Ball, location: 2F 0-2: Ball 1-2: Strikes out swinging
|
Batting: RHB Jorge Alfaro
|
0-0: Hit by Pitch
|
Batting: SHB Juniel Querecuto
|
0-0: Ground out 6-3 (Groundball, 6, EV 88.1 MPH)
|
Top of the 4th over - 0 runs, 2 hits, 0 errors, 3 left on base; Atlanta 2 - Kansas City 6 |
BOTTOM OF THE 4TH |
Kansas City Royals batting - Pitching for Atlanta Braves : RHP Frankie Montas
|
Batting: LHB Jesse Winker
|
0-0: Ball 1-0: Ball 2-0: Ball 3-0: Base on Balls
|
Batting: RHB Dansby Swanson
|
0-0: Called Strike 0-1: Ball 1-1: Swinging Strike 1-2: Ball 2-2: Fly out, F4 (Line Drive, 4, EV 62.5 MPH)
|
Batting: RHB Nolan Arenado
|
0-0: Ball 1-0: Ball 2-0: Called Strike 2-1: Fly out, F8 (Flyball, 8RM, EV 91.9 MPH)
|
Batting: RHB Bryce Brentz
|
0-0: Fly out, F8 (Line Drive, 8RM, EV 100.6 MPH)
|
Bottom of the 4th over - 0 runs, 0 hits, 0 errors, 1 left on base; Atlanta 2 - Kansas City 6 |
TOP OF THE 5TH |
Atlanta Braves batting - Pitching for Kansas City Royals : LHP Chris Sale
|
Batting: LHB Mallex Smith
|
0-0: Ball 1-0: Ball 2-0: DOUBLE (Line Drive, 89D, EV 114.4 MPH)
|
Batting: RHB Adeiny Hechavarria
|
0-0: Swinging Strike 0-1: Foul Ball, location: 2F 0-2: Foul Ball, location: 2F 0-2: Strikes out swinging
|
Batting: RHB Ian Desmond
|
0-0: Fly out, F7 (Line Drive, 7, EV 84.4 MPH)
|
Batting: LHB Kole Calhoun
|
0-0: Called Strike 0-1: Called Strike 0-2: Ball 1-2: Foul Ball, location: 2F 1-2: Ball 2-2: Strikes out swinging
|
Top of the 5th over - 0 runs, 1 hit, 0 errors, 1 left on base; Atlanta 2 - Kansas City 6 |
BOTTOM OF THE 5TH |
Kansas City Royals batting - Pitching for Atlanta Braves : RHP Frankie Montas
|
Batting: RHB Tyler Flowers
|
0-0: Called Strike 0-1: Swinging Strike 0-2: Ball 1-2: Ball 2-2: Ground out 5-3 (Groundball, 56S, EV 63.8 MPH)
|
Batting: SHB Jurickson Profar
|
0-0: Ball 1-0: Fly out, F6 (Popup, 56D, EV 57.5 MPH)
|
Batting: LHB Ronald Guzman
|
0-0: Fly out, F4 (Popup, 4MD, EV 66.3 MPH)
|
Bottom of the 5th over - 0 runs, 0 hits, 0 errors, 0 left on base; Atlanta 2 - Kansas City 6 |
TOP OF THE 6TH |
Atlanta Braves batting - Pitching for Kansas City Royals : LHP Chris Sale
|
Batting: RHB Pat Valaika
|
0-0: Ball 1-0: Swinging Strike 1-1: Ball 2-1: Ball 3-1: Called Strike 3-2: Strikes out swinging
|
Batting: LHB Lucas Duda
|
0-0: Ball 1-0: SINGLE (Line Drive, 89S, EV 103.1 MPH)
|
Batting: SHB Robbie Grossman
|
0-0: Ball 1-0: Called Strike 1-1: Foul Ball, location: 2F 1-2: Strikes out swinging
|
Batting: RHB Jorge Alfaro
|
0-0: Ball 1-0: Called Strike 1-1: Swinging Strike 1-2: Foul Ball, location: 2F 1-2: Foul Ball, location: 2F 1-2: Foul Ball, location: 2F 1-2: Strikes out looking
|
Top of the 6th over - 0 runs, 1 hit, 0 errors, 1 left on base; Atlanta 2 - Kansas City 6 |
BOTTOM OF THE 6TH |
Kansas City Royals batting - Pitching for Atlanta Braves : RHP Frankie Montas
|
Batting: LHB Odubel Herrera
|
0-0: Ball 1-0: Ball 2-0: Called Strike 2-1: Ball 3-1: Fly out, F7 (Flyball, 78D, EV 88.1 MPH)
|
Batting: SHB Niko Goodrum
|
0-0: Called Strike 0-1: Ball 1-1: Fly out, F8 (Flyball, 8LM, EV 80.0 MPH)
|
Batting: LHB Jesse Winker
|
0-0: Called Strike 0-1: SINGLE (Line Drive, 8RS, EV 100.0 MPH)
|
Pitching: RHP Daniel Hudson
|
|
Batting: RHB Dansby Swanson
|
0-0: Called Strike 0-1: Ball 1-1: Ball 2-1: Ball 3-1: Called Strike 3-2: Base on Balls Jesse Winker to second
|
Batting: RHB Nolan Arenado
|
0-0: Called Strike 0-1: Foul Ball, location: 2F 0-2: Ball 1-2: Foul Ball, location: 2F 1-2: Foul Ball, location: 2F 1-2: Foul Ball, location: 2F 1-2: Fielders Choice at 2nd, 6-4 (Groundball, 6, EV 81.9 MPH)
|
Bottom of the 6th over - 0 runs, 1 hit, 0 errors, 2 left on base; Atlanta 2 - Kansas City 6 |
TOP OF THE 7TH |
Atlanta Braves batting - Pitching for Kansas City Royals : LHP Chris Sale
|
Pitching: RHP Carl Edwards Jr.
|
|
Batting: SHB Juniel Querecuto
|
0-0: Foul Ball, location: 2F 0-1: Called Strike 0-2: Strikes out swinging passed ball, reaches first!
|
Batting: LHB Mallex Smith
|
0-0: Called Strike 0-1: SINGLE (Groundball, 6M, EV 92.5 MPH) (infield hit) Juniel Querecuto to second
|
Batting: RHB Adeiny Hechavarria
|
0-0: Fly out, F9 (Flyball, 9S, EV 82.5 MPH)
|
Batting: RHB Ian Desmond
|
0-0: Called Strike 0-1: Ball 1-1: Swinging Strike 1-2: Ball 2-2: Strikes out looking
|
Batting: LHB Kole Calhoun
|
0-0: Ball 1-0: SINGLE (Groundball, 4D, EV 93.8 MPH) Juniel Querecuto to third Mallex Smith to second
|
Batting: RHB Pat Valaika
|
0-0: SINGLE (Groundball, 6MD, EV 95.6 MPH) Juniel Querecuto scores Mallex Smith to third Kole Calhoun to second Runner from 3rd tries for Home, SAFE, throw by CF to home
|
Batting: LHB Lucas Duda
|
0-0: Called Strike 0-1: Ball 1-1: Ball 2-1: Ball 3-1: Foul Ball, location: 2F 3-2: Base on Balls Kole Calhoun to third Pat Valaika to second
|
Batting: SHB Robbie Grossman
|
0-0: Called Strike 0-1: Ball 1-1: Ball 2-1: Foul Ball, location: 2F 2-2: Foul Ball, location: 2F 2-2: Ball 3-2: Foul Ball, location: 2F 3-2: Base on Balls Kole Calhoun scores Pat Valaika to third Lucas Duda to second
|
Pitching: RHP Rhiner Cruz
|
|
Batting: RHB Jorge Alfaro
|
0-0: Ball 1-0: Swinging Strike 1-1: Ball 2-1: Ball 3-1: Base on Balls Pat Valaika scores Lucas Duda to third Robbie Grossman to second
|
Batting: SHB Juniel Querecuto
|
0-0: Ball 1-0: Called Strike 1-1: Ball 2-1: Ball 3-1: Base on Balls Lucas Duda scores Robbie Grossman to third Jorge Alfaro to second
|
Batting: LHB Mallex Smith
|
0-0: Called Strike 0-1: Called Strike 0-2: Strikes out looking
|
Top of the 7th over - 5 runs, 3 hits, 0 errors, 3 left on base; Atlanta 7 - Kansas City 6 |
BOTTOM OF THE 7TH |
Kansas City Royals batting - Pitching for Atlanta Braves : RHP Daniel Hudson
|
Pitching: RHP Chad Sobotka
|
|
Batting: RHB Bryce Brentz
|
0-0: Called Strike 0-1: Fly out, F9 (Flyball, 89D, EV 88.1 MPH)
|
Batting: RHB Tyler Flowers
|
0-0: Ball 1-0: Ball 2-0: Ball 3-0: Called Strike 3-1: Base on Balls
|
Batting: SHB Jurickson Profar
|
0-0: Called Strike 0-1: Ball 1-1: 2-RUN HOME RUN (Flyball, 89XD, EV 108.8 MPH), Distance : 423 ft
|
Batting: LHB Ronald Guzman
|
0-0: Called Strike 0-1: Called Strike 0-2: Ball 1-2: Foul Ball, location: 2F 1-2: Fly out, F9 (Flyball, 9D, EV 91.9 MPH)
|
Batting: LHB Odubel Herrera
|
0-0: Called Strike 0-1: Ball 1-1: SOLO HOME RUN (Flyball, 89XD, EV 103.8 MPH), Distance : 409 ft
|
Pitching: RHP Ivan Nova
|
|
Batting: SHB Niko Goodrum
|
0-0: Called Strike 0-1: Foul Ball, location: 2F 0-2: SOLO HOME RUN (Flyball, 89XD, EV 110.6 MPH), Distance : 410 ft
|
Batting: LHB Jesse Winker
|
0-0: Foul Ball, location: 2F 0-1: Called Strike 0-2: Strikes out swinging
|
Bottom of the 7th over - 4 runs, 3 hits, 0 errors, 0 left on base; Atlanta 7 - Kansas City 10 |
TOP OF THE 8TH |
Atlanta Braves batting - Pitching for Kansas City Royals : RHP Rhiner Cruz
|
Pitching: RHP Mark Montgomery
|
|
Batting: RHB Adeiny Hechavarria
|
0-0: Called Strike 0-1: Ball 1-1: Foul Ball, location: 2F 1-2: Ball 2-2: Ball 3-2: Strikes out swinging
|
Batting: RHB Ian Desmond
|
0-0: Called Strike 0-1: Ball 1-1: Called Strike 1-2: Strikes out swinging
|
Batting: LHB Kole Calhoun
|
0-0: Ball 1-0: Foul Ball, location: 2F 1-1: Foul Ball, location: 2F 1-2: Strikes out looking
|
Top of the 8th over - 0 runs, 0 hits, 0 errors, 0 left on base; Atlanta 7 - Kansas City 10 |
BOTTOM OF THE 8TH |
Kansas City Royals batting - Pitching for Atlanta Braves : RHP Ivan Nova
|
Pitching: RHP Paul Blackburn
|
|
Batting: RHB Dansby Swanson
|
0-0: Foul Ball, location: 2F 0-1: Swinging Strike 0-2: Ground out 6-3 (Groundball, 6MS, EV 87.5 MPH)
|
Batting: RHB Nolan Arenado
|
0-0: Ball 1-0: Ball 2-0: Ball 3-0: Called Strike 3-1: Foul Ball, location: 2F 3-2: Foul Ball, location: 2F 3-2: Fly out, F3 (Popup, 34D, EV 57.5 MPH)
|
Batting: RHB Bryce Brentz
|
0-0: Ball 1-0: Foul Ball, location: 2F 1-1: Ball 2-1: SINGLE (Groundball, 6MD, EV 96.9 MPH)
|
Batting: RHB Tyler Flowers
|
0-0: Ball Wild Pitch! Bryce Brentz to second 1-0: Called Strike 1-1: Ball 2-1: Ball 3-1: Foul Ball, location: 2F 3-2: Foul Ball, location: 2F 3-2: SINGLE (Groundball, 6MD, EV 97.5 MPH) Bryce Brentz to third Bryce Brentz scores
|
Batting: SHB Jurickson Profar
|
0-0: Foul Ball, location: 2F 0-1: Ball 1-1: Called Strike 1-2: Reached on error, E5 (Groundball, 56, EV 81.3 MPH) Tyler Flowers to second
|
Pitching: LHP Brian Johnson
|
|
Batting: LHB Ronald Guzman
|
0-0: Ball 1-0: Called Strike 1-1: Ball 2-1: Ball 3-1: Ground out 4-3 (Groundball, 4, EV 98.8 MPH)
|
Bottom of the 8th over - 1 run, 2 hits, 1 error, 2 left on base; Atlanta 7 - Kansas City 11 |
TOP OF THE 9TH |
Atlanta Braves batting - Pitching for Kansas City Royals : RHP Mark Montgomery
|
Pitching: RHP Arodys Vizcaino
|
|
Batting: RHB Pat Valaika
|
0-0: Swinging Strike 0-1: Ball 1-1: Foul Ball, location: 2F 1-2: Strikes out looking
|
Batting: LHB Lucas Duda
|
0-0: Called Strike 0-1: Ball 1-1: Swinging Strike 1-2: Fly out, F8 (Flyball, 8LXD, EV 105.0 MPH)
|
Batting: SHB Robbie Grossman
|
0-0: Called Strike 0-1: Swinging Strike 0-2: Ball 1-2: Strikes out swinging
|
Top of the 9th over - 0 runs, 0 hits, 0 errors, 0 left on base; Atlanta 7 - Kansas City 11 |
|